 Dungeon Crawl Stone Soup version 0.29.1-2-gbd0b4ee654 (webtiles) character file.

Game seed: 5057334380923561792

901 NinjaNoafa the Cleaver (level 7, -6/57 HPs)
             Began as a Minotaur Fighter on Nov 21, 2022.
             Was a Believer of Okawaru.
             Killed by divine providence
             ... invoked by an orc priest
              (15 damage)
             ... on level 5 of the Dungeon.
             The game lasted 00:08:00 (4352 turns).

NinjaNoafa the Cleaver (Minotaur Fighter)           Turns: 4352, Time: 00:08:01

Health: -6/57      AC: 11    Str: 23    XL:     7   Next: 80%
Magic:  6/6        EV:  7    Int:  5    God:    Okawaru [**....]
Gold:   176        SH:  4    Dex:  9    Spells: 6/6 levels left

rFire   . . .      SeeInvis .   p - +4 hand axe
rCold   . . .      Faith    .   c - +0 buckler
rNeg    . . .      Spirit   .   k - +0 chain mail
rPois   .          Reflect  .   (helmet restricted)
rElec   .          Harm     .   x - +0 cloak
rCorr   .          Rampage  .   o - +0 pair of gloves
Will    .....                   (no boots)
Stlth   ..........              (no amulet)
HPRegen 0.19/turn               n - ring of flight
MPRegen 0.10/turn               (no ring)

@: flying
A: horns 2, retaliatory headbutt
a: Renounce Religion, Heroism


You were on level 5 of the Dungeon.
You worshipped Okawaru.
Okawaru was pleased with you.
You visited 2 branches of the dungeon, and saw 6 of its levels.

You collected 176 gold pieces.

Inventory:

Hand Weapons
 p - a +4 hand axe (weapon)
Missiles
 e - 2 throwing nets (quivered)
 f - 32 stones
 h - 8 poisoned darts
Armour
 c - a +0 buckler (worn)
 k - a +0 chain mail (worn)
 o - a +0 pair of gloves (worn)
 x - a +0 cloak (worn)
Jewellery
 n - a ring of flight (left hand)
Wands
 q - a wand of mindburst (12)
 w - a wand of roots (9)
 y - a wand of flame (27)
Scrolls
 g - 2 scrolls of teleportation {unknown}
 i - 2 scrolls of enchant armour {unknown}
 j - 2 scrolls of noise {unknown}
 l - 4 scrolls of poison {unknown}
 s - a scroll of fog {unknown}
 t - a scroll of identify {unknown}
 u - a scroll of brand weapon {unknown}
 B - a scroll of amnesia {unknown}
Potions
 a - a potion of invisibility {unknown}
 b - 2 potions of ambrosia {unknown}
 d - a potion of might
 m - 2 potions of mutation {unknown}
 r - a potion of brilliance {unknown}
 v - a potion of heal wounds {unknown}
 z - a potion of curing {unknown}
 A - a potion of haste {unknown}
 C - a potion of berserk rage {unknown}


   Skills:
 - Level 3.6 Fighting
 + Level 10.9 Axes
 - Level 3.6 Armour
 - Level 3.6 Shields


You had 6 spell levels left.
You didn't know any spells.
Your spell library contained the following spells:

 Spells                   Type           Power      Damage    Failure   Level
 Magic Dart               Conj           0%         1d3       99%         1
 Slow                     Hex            0%         N/A       99%         1
 Searing Ray              Conj           0%         2d4       100%        2
 Confusing Touch          Hex            0%         N/A       100%        3
 Vampiric Draining        Necr           0%         2d6       100%        3
 Fulminant Prism          Conj/Hex       0%         3d6       100%        4


Dungeon Overview and Level Annotations

Branches:
Dungeon (5/15)             Temple (1/1) D:4

Altars:
Cheibriados
Elyvilon
Fedhas
Gozag
Hepliaklqana
Kikubaaqudgha
Makhleb
Nemelex Xobeh
Okawaru
Qazlal
Ru
Sif Muna
Trog
Uskayaw
Wu Jian
Xom
Yredelemnul
Zin
The Shining One


Innate Abilities, Weirdness & Mutations

You have a pair of horns on your head.
You reflexively headbutt those who attack you in melee.


Message History

You hit the orc priest.
The orc priest is heavily wounded.
The orc priest calls down the wrath of Beogh upon you.
Beogh smites you!
The orc priest hits you but does no damage.
You slash the orc priest!
You kill the orc priest!
Okawaru accepts your kill.
You slash the orc!
You kill the orc!
Okawaru accepts your kill.
The orc priest mumbles some strange prayers to Beogh against you.
You struggle to resist.
Things that are here:
a +0 falchion; a +0 club; a +0 chain mail You hit the orc warrior.
The orc warrior is lightly wounded.
The orc warrior hits you with a +0 hand axe.
You hit the orc warrior.
The orc warrior is lightly wounded.
You slash the orc warrior!
The orc warrior is heavily wounded.
The orc warrior hits you with a +0 hand axe!
You hit the orc warrior. Your headbutt misses the orc warrior.
The orc warrior is heavily wounded.
The orc warrior hits you with a +0 hand axe!
You slash the orc warrior!
You kill the orc warrior!
Okawaru accepts your kill.
The orc priest begins to cast a cantrip, but forgets the words!
The orc priest calls down the wrath of Beogh upon you.
Beogh smites you!
* * * LOW HITPOINT WARNING * * *
Things that are here:
a +0 hand axe; a +0 plate armour; an orc corpse You slash the orc priest!
The orc priest is almost dead.
The orc priest invokes the aid of Beogh against you.
Beogh smites you!
You die...

###### ########
##.## ## .....#
#......###...####.
####.#
#.####............
..##.# #.#
#####...#####
#.##.# #.# ##.##
#.##.# #.# #.#
.....# #)# #.#
##.### #.# ##'##
#.# #@# ##...##
#.# #.o...#
##.....## ##.##
#..##.# #.......##
#...# ....
##.........##
..### #####
####......'. ..#
#......## .##
#.....## .#
#....## .# #...##


You could see an orc priest.

Vanquished Creatures
  An orc warrior (D:5)
  A sky beast (D:3)
  A black bear (D:5)
  An ogre (D:4)
  A howler monkey (D:5)
  4 jellies
  Crazy Yiuf (D:5)
  A hound (D:5)
  3 orc priests
  3 iguanas
  2 orc wizards (D:4)
  3 adders
  An adder skeleton (D:3)
  2 dart slugs
  9 orcs
  4 endoplasms
  4 giant cockroaches
  6 goblins
  7 hobgoblins
  5 quokkas
  5 ball pythons
  2 ball python skeletons (D:3)
  8 bats
  3 frilled lizards
  6 kobolds
  A quokka zombie (D:3)
  5 rats (D:1)
90 creatures vanquished.

Notes
Turn   | Place    | Note
-------+----------+-------------------------------------------
     0 | D:1      | NinjaNoafa the Minotaur Fighter began the quest for the
                  | Orb.
     0 | D:1      | Reached XP level 1. HP: 19/19 MP: 0/0
   106 | D:1      | Reached skill level 3 in Axes
   191 | D:1      | Reached XP level 2. HP: 24/26 MP: 1/1
   515 | D:1      | Reached skill level 4 in Axes
   744 | D:2      | Reached XP level 3. HP: 21/31 MP: 2/2
  1404 | D:3      | Reached skill level 5 in Axes
  1511 | D:3      | Noticed a sky beast
  1519 | D:3      | Killed a sky beast
  1520 | D:3      | Reached skill level 6 in Axes
  1520 | D:3      | Reached XP level 4. HP: 19/39 MP: 3/3
  1520 | D:3      | Reached XP level 5. HP: 22/45 MP: 4/4
  1812 | D:3      | Found an ancient bone altar of Kikubaaqudgha.
  1813 | D:3      | Found an iron altar of Okawaru.
  1842 | D:3      | Became a worshipper of Warmaster Okawaru
  2244 | D:4      | Reached skill level 7 in Axes
  2259 | D:4      | Found a staircase to the Ecumenical Temple.
  2269 | Temple   | Entered the Ecumenical Temple
  2695 | D:4      | Noticed an ogre
  2702 | D:4      | Killed an ogre
  2703 | D:4      | Reached skill level 8 in Axes
  2703 | D:4      | Reached XP level 6. HP: 34/51 MP: 5/5
  2707 | D:4      | Reached * piety under Okawaru
  3248 | D:5      | Entered Level 5 of the Dungeon
  3436 | D:5      | Reached skill level 9 in Axes
  3656 | D:5      | Found a runed translucent door.
  3657 | D:5      | Noticed Crazy Yiuf
  3665 | D:5      | Killed Crazy Yiuf
  3666 | D:5      | Reached XP level 7. HP: 48/57 MP: 6/6
  4014 | D:5      | Reached skill level 10 in Axes
  4350 | D:5      | Reached ** piety under Okawaru
  4352 | D:5      | Killed from afar by an orc priest

Illustrated notes

Levels and vault maps discovered:
D:1:      wander_arrival_peaceful_grave, layout_basic
D:2:      layout_loops_ring
D:3:      layout_loops_ring, chequers_temple_overflow_statue_of_worship,
          serial_undead, serial_undead_b, serial_undead_d, serial_undead_f,
          serial_undead_d
D:4:      layout_rooms, temple_statues, chequers_serial_rivers_micro_e,
          minmay_misc_feat_diagonals
D:5:      kennysheep_windowed_halls, layout_loops_corners,
          uniq_crazy_yiuf_cottage
Temple:   bh_familiar_temple

Skill      XL: |  1  2  3  4  5  6  7 |
---------------+----------------------+-----
Axes           | 3 4 6 8 9 10 | 10.9
Fighting       | |  3.6
Armour         | |  3.6
Shields        | |  3.6

Action                   |  1- 3 |  4- 6 |  7- 9 || total
-------------------------+-------+-------+-------++-------
Melee: War axe           |    86 |     7 |       ||    93
       Headbutt          |     3 |     8 |     4 ||    15
       Hand axe          |       |    72 |    34 ||   106
  Use: Potion            |     1 |       |       ||     1
Armor: Scale mail        |    39 |       |       ||    39
       Chain mail        |    33 |    36 |     8 ||    77
Dodge: Dodged            |    65 |    23 |     6 ||    94
Block: Buckler           |    36 |    17 |     5 ||    58
